 Dungeon Crawl Stone Soup version 0.28-a0-1506-g3893175d92 (webtiles) character file.

Game seed: 13700947912707255634

9 Essalna the Firebug (level 2, 16/19 HPs)
             Began as a Demonspawn Fire Elementalist on Jan 14, 2022.
             Got out of the dungeon alive.
             The game lasted 00:01:37 (279 turns).

Essalna the Firebug (Demonspawn Fire Elementalist)   Turns: 279, Time: 00:01:38

Health: 16/19      AC:  2    Str:  8    XL:     2   Next: 3%
Magic:  4/5        EV: 12    Int: 22    God:
Gold:   0          SH:  0    Dex: 13    Spells: 4/5 levels left

rFire   . . .      SeeInvis .   c - +0 short sword
rCold   . . .      Faith    .   (no shield)
rNeg    . . .      Spirit   .   a - +0 robe
rPois   .          Reflect  .   (no helmet)
rElec   .          Harm     .   (no cloak)
rCorr   .          Rampage  .   (no gloves)
Will    .....                   (no boots)
Stlth   ++........              (no amulet)
HPRegen 0.06/turn               b - +6 ring of intelligence
MPRegen 0.09/turn               (no ring)

@: no status effects
A: claws 1
a: no special abilities


You escaped.
You visited 1 branch of the dungeon, and saw 1 of its levels.

Inventory:

Hand Weapons
 c - a +0 short sword (weapon)
Armour
 a - a +0 robe (worn)
Jewellery
 b - a +6 ring of intelligence (left claw)
Scrolls
 d - a scroll of fog {unknown}
 e - a scroll of identify {unknown}
 g - a scroll of silence {unknown}
 h - a scroll of vulnerability {unknown}
Potions
 f - a potion of curing {unknown}


   Skills:
 - Level 1.7 Dodging
 - Level 1.7 Stealth
 + Level 2.2 Spellcasting
 + Level 1.4 Conjurations
 + Level 2.9 Fire Magic


You had 4 spell levels left.
You knew the following spells:

 Your Spells              Type           Power      Damage    Failure   Level
a - Foxfire               Conj/Fire      48%        2x1d6     5%          1

Your spell library contained the following spells:

 Spells                   Type           Power      Damage    Failure   Level
 Scorch                   Fire           30%        2d7       6%          2
 Conjure Flame            Conj/Fire      12%        6-21      17%         3
 Inner Flame              Hex/Fire       8%         N/A       22%         3
 Flame Wave               Conj/Fire      12%        2d5       50%         4
 Borgnjor's Revivificati  Necr           1%         N/A       100%        8
 Necromutation            Tmut/Necr      1%         N/A       100%        8
 Death's Door             Necr           1%         N/A       100%        9


Dungeon Overview and Level Annotations

Branches:
Dungeon (1/15)

Altars:


Innate Abilities, Weirdness & Mutations

You have sharp fingernails.


Message History

A rat comes into view.
The rat bites you.
You see here a scroll labelled BOEMUH ANIACK.
You conjure some foxfire!
The rat barely misses you. The ball python barely misses you.
The ball python grabs you. The ball python constricts you.
You conjure some foxfire!
The foxfire hits the ball python.
You kill the ball python!
The foxfire hits the rat but does no damage.
The rat bites you.
You are too injured to fight recklessly!
You are too injured to fight recklessly!
You are too injured to fight recklessly!
You are too injured to fight recklessly!
You are too injured to fight recklessly!
Your foxfire dissipates!
You hit the rat.
You kill the rat!
You see here a rat corpse.
The endoplasm quivers.
An endoplasm is nearby!
You see here a rat corpse.
Casting: Foxfire (safe; 5% risk of failure)
Confirm with . or Enter, or press ? or * to list all spells.
You conjure some foxfire!
The foxfire hits the endoplasm.
The endoplasm is almost dead.
You hit the endoplasm.
You kill the endoplasm!
You have reached level 2!
Your demonic ancestry asserts itself...
Your fingernails lengthen.
Your foxfire dissipates!
You see here a rat corpse.
h - a scroll labelled BOEMUH ANIACK You pick up a Necronomicon and begin reading...
You add the spells Borgnjor's Revivification, Necromutation and Death's Door to your library.
You see here a rat corpse.
There is a staircase leading out of the dungeon here.
Are you sure you want to leave the Dungeon?
This will make you lose the game!
You have escaped!

##########.....#######
.†........##########
...................#
########.####..###.#
#.# ###.###..#
#.###≈#.#≈##...
..##≈P≈.≈♣≈##....
..#≈P8P.♣8♣ #.###
...##≈P.@.♣≈# .#
...##≈....P≈# #
....#≈.8..P8P≈#
##≈..[.P≈## ##≈#.#≈##
###.### #.. ###


There were no monsters in sight!

Vanquished Creatures
  2 ball pythons (D:1)
  2 endoplasms (D:1)
  A kobold (D:1)
  A frilled lizard (D:1)
  2 rats (D:1)
8 creatures vanquished.

Vanquished Creatures (others)
  18 foxfires (D:1)
  4 toadstools (D:1)
22 creatures vanquished.

Grand Total: 30 creatures vanquished

Notes
Turn   | Place    | Note
-------+----------+-------------------------------------------
     0 | D:1      | Essalna the Demonspawn Fire Elementalist began the quest
                  | for the Orb.
     0 | D:1      | Reached XP level 1. HP: 13/13 MP: 3/3
   245 | D:1      | Gained mutation: You have sharp fingernails. [demonic
                  | ancestry]
   245 | D:1      | Reached XP level 2. HP: 14/19 MP: 1/5
   279 | D:$      | Got out of the dungeon alive.

Illustrated notes

Levels and vault maps discovered:
D:1:      ldierk_walled_garden_2, layout_rooms, roderic_roman_lattice,
          grunt_decor_one_mirror

Action                   || total
-------------------------++-------
Melee: Short sword       ||     2
 Cast: Foxfire           ||    13
Dodge: Dodged            ||     3

Table legend: (Time is in decaauts)
 A = Elapsed time spent in this place.
 B = Non-inter-level travel time spent in this place.
 C = Inter-level travel time spent in this place.
 D = Time resting spent in this place.
 E = Time spent auto-exploring this place.
 F = Levels seen in this place.
 G = Mean time per level.
                   A        B        C        D        E       F      G
               +--------+--------+--------+--------+--------+-----+--------+
         Total |    278 |    253 |     25 |      0 |    163 |   1 |  278.0 |
       Dungeon |    278 |    253 |     25 |      0 |    163 |   1 |  278.0 |
               +--------+--------+--------+--------+--------+-----+--------+

Top non-repeatable levels by time:
     D:1: 278 daAuts
